 Dungeon Crawl Stone Soup version 0.31-a0-128-g25add195a6 (webtiles) character file.

Game seed: 1219736782474594144

1850 ders the Destroyer (level 9, -10/45 HPs)
             Began as a Gargoyle Earth Elementalist on June 1, 2023.
             Shot with a sling bullet by Joseph (17 damage)
             ... on level 7 of the Dungeon.
             The game lasted 00:09:31 (6546 turns).

ders the Destroyer (Gargoyle Earth Elementalist)    Turns: 6546, Time: 00:09:31

Health: -10/45     AC:  9    Str: 12    XL:     9   Next: 12%
Magic:  5/17       EV: 11    Int: 20    God:
Gold:   385        SH:  0    Dex: 10    Spells: 15/19 levels left

rFire   . . .        n - staff of conjuration "Wiefau" {rC+}
rCold   + . .        (no shield)
rNeg    + . .        a - +0 robe
rPois   ∞            (no helmet)
rElec   +            m - +0 cloak
rCorr   +            (no gloves)
SInv    .            (no boots)
Will    .....        (no amulet)
Stlth   ++           f - ring of resist corrosion
HPRegen 0.27/turn    (no ring)
MPRegen 0.15/turn

%: no passive effects
@: no status effects
A: sickness immunity, AC +6, negative energy resistance 1, electricity
resistance, torment resistance 1, petrification resistance
a: no special abilities


You were on level 7 of the Dungeon.
You visited 1 branch of the dungeon, and saw 7 of its levels.

You collected 424 gold pieces.
You spent 39 gold pieces at shops.

Inventory:

Hand Weapons
 l - a +2 quarterstaff of venom
Missiles
 o - 2 throwing nets
Armour
 a - a +0 robe (worn)
 m - a +0 cloak (worn)
Magical Staves
 n - the staff of conjuration "Wiefau" (weapon) {rC+}
   (You acquired it on level 5 of the Dungeon)

   [staff of conjuration]

   Base accuracy: +5 Base damage: 5 Base attack delay: 1.2 This weapon's minimum
   attack delay (0.6) is reached at skill level 12.
   rC:        It protects you from cold.
   It falls into the 'Staves' category.
   It is a one-handed weapon.
Jewellery
 f - a ring of resist corrosion (left hand)
Wands
 s - a wand of mindburst (15)
Scrolls
 b - a scroll of noise
 i - 2 scrolls of enchant weapon
 k - 3 scrolls of torment
 q - a scroll of poison {unknown}
 u - a scroll of blinking {unknown}
Potions
 c - a potion of cancellation
 d - a potion of lignification {unknown}
 e - a potion of berserk rage {unknown}
 g - 2 potions of haste
 h - 4 potions of curing
 j - a potion of heal wounds
 p - a potion of invisibility {unknown}
 r - 2 potions of mutation {unknown}
 t - a potion of ambrosia {unknown}
 v - a potion of attraction {unknown}


   Skills:
 - Level 1.5 Dodging
 - Level 2.1 Stealth
 + Level 5.5 Spellcasting
 * Level 8.9 Conjurations
 - Level 0.7 Transmutations
 + Level 7.8 Earth Magic


You had 15 spell levels left.
You knew the following spells:

 Your Spells              Type           Power      Damage    Failure   Level
a - Sandblast             Erth           72%        2d16      1%          1
b - Stone Arrow           Conj/Erth      100%       3d13      1%          3

Your spell library contained the following spells:

 Spells                   Type           Power      Damage    Failure   Level
 Passwall                 Tmut/Erth      18%        N/A       2%          2
 Dazzling Flash           Conj/Hex       70%        N/A       5%          3
 Apportation              Tloc           10%        N/A       11%         1
 Necrotise                Necr           20%        1d5       11%         1
 Slow                     Hex            20%        N/A       11%         1
 Summon Small Mammal      Summ           20%        N/A       11%         1
 Lesser Beckoning         Tloc           10%        N/A       17%         2
 Iskenderun's Mystic Bla  Conj/Tloc      35%        2d8       17%         4
 Petrify                  Tmut/Erth      22%        N/A       19%         4
 Leda's Liquefaction      Hex/Erth       10%        N/A       22%         4
 Call Canine Familiar     Summ           5%         N/A       32%         3
 Confusing Touch          Hex            5%         N/A       32%         3
 Gell's Gravitas          Tloc           5%         N/A       32%         3
 Portal Projectile        Hex/Tloc       10%        N/A       32%         3
 Teleport Other           Tloc           5%         N/A       32%         3
 Vampiric Draining        Necr           5%         2d6       32%         3
 Volatile Blastmotes      Fire/Tloc      10%        2d10      32%         3
 Passage of Golubria      Tloc           5%         N/A       73%         4
 Starburst                Conj/Fire      17%        6d6       95%         6
 Silence                  Hex/Air        2%         N/A       97%         5
 Lehudib's Crystal Spear  Conj/Erth      27%        10d7      100%        8


Dungeon Overview and Level Annotations

Branches:
Dungeon (7/15)
 Temple: D:4-7

Altars:
Nemelex Xobeh
Uskayaw

Shops:
D:2 ?:?([

Annotations:
D:2 Ijyb
D:7 Joseph


Innate Abilities, Weirdness & Mutations

You are immune to sickness and miasma.
Your stone body is resilient. (AC +6)
You are immune to poison.
You resist negative energy. (rN+)
You are resistant to electric shocks. (rElec)
You are resistant to unholy torment.
You are immune to petrification.


Message History

Confirm with . or Enter, or press ? or * to list all spells.
You can't see any susceptible monsters within range! (Use Z to cast anyway.) Joseph zaps a wand.
You easily resist.
Casting: Stone Arrow (safe; 1% risk of failure)
Confirm with . or Enter, or press ? or * to list all spells.
Aiming: Stone Arrow (safe; 1% risk of failure)
Press: ? - help, Shift-Dir - straight line, f - Joseph
Aim: Joseph, wielding a +0 sling, wearing a +0 leather armour, wearing an amulet of reflection and carrying a wand of paralysis (7) (reflecting blocked projectiles, 78% to hit)
You feel a surge of power!
The stone arrow hits Joseph!
Joseph is lightly wounded.
Unknown command.
Casting: Stone Arrow (safe; 1% risk of failure)
Confirm with . or Enter, or press ? or * to list all spells.
Aiming: Stone Arrow (safe; 1% risk of failure)
Press: ? - help, Shift-Dir - straight line, f/p - Joseph
Aim: Joseph, wielding a +0 sling, wearing a +0 leather armour, wearing an amulet of reflection and carrying a wand of paralysis (7) (lightly wounded, reflecting blocked projectiles, 78% to hit)
You feel a surge of power!
The stone arrow hits Joseph!!
Joseph is heavily wounded.
Joseph shoots a sling bullet.
The sling bullet hits you.
Unknown command.
Casting: Stone Arrow (safe; 1% risk of failure)
Confirm with . or Enter, or press ? or * to list all spells.
Aiming: Stone Arrow (safe; 1% risk of failure)
Press: ? - help, Shift-Dir - straight line, f/p - Joseph
Aim: Joseph, wielding a +0 sling, wearing a +0 leather armour, wearing an amulet of reflection and carrying a wand of paralysis (7) (heavily wounded, reflecting blocked projectiles, 78% to hit)
You feel a surge of power!
The stone arrow reflects off an invisible shield around Joseph!
The stone arrow hits you!
Joseph zaps a wand.
You easily resist.
Unknown command.
Casting: Stone Arrow (safe; 1% risk of failure)
Confirm with . or Enter, or press ? or * to list all spells.
Aiming: Stone Arrow (safe; 1% risk of failure)
Press: ? - help, Shift-Dir - straight line, f/p - Joseph
Aim: Joseph, wielding a +0 sling, wearing a +0 leather armour, wearing an amulet of reflection and carrying a wand of paralysis (6) (heavily wounded, reflecting blocked projectiles, 78% to hit)
You feel a surge of power!
The stone arrow reflects off an invisible shield around Joseph!
The stone arrow hits you!!
* * * LOW HITPOINT WARNING * * *
Joseph shoots a sling bullet.
The sling bullet hits you!
You die...

##...<.......
..#.@..........
#............
..##.#.##.##<#####
##..####.###.
#.##.#.##.##.# #..#
###.##.##.#.##.##.#
#..#
##...#.##.#.##.##.#
#..#
.#...?..##.#.##.##.##
#..#
....@...........#...
#..#
#......##.#.####..#
#... .....#@##.#.##
#..# #### #.)........#
#..#
##.#.......###..#####
.................)...
###.#.......###..##..)
#..............###).
###.......####.# ##.
#.......# #.# ##
#........ <.# ##


You could see Joseph (reflecting).

Vanquished Creatures
  A hornet (D:7)
  Duvessa (D:7)
  A water moccasin (D:7)
  4 black bears
  A phantom (D:5)
  A bullfrog (D:6)
  2 scorpions
  A gnoll sergeant (D:7)
  Dowan (D:7)
  2 hounds
  A jelly (D:6)
  An orc priest (D:5)
  Crazy Yiuf (D:3)
  Jessica (D:3)
  2 sleepcaps
  Terence (D:3)
  2 orc wizards
  Natasha (twice) (D:3)
  2 iguanas
  11 gnolls
  12 adders
  A white imp (D:6)
  An ufetubus (D:7)
  5 worms
  A dart slug (D:1)
  15 orcs
  4 ball pythons
  8 endoplasms
  4 giant cockroaches
  8 goblins
  7 hobgoblins
  4 jackals (D:4)
  4 quokkas
  5 bats
  3 frilled lizards
  5 kobolds
  4 rats
130 creatures vanquished.

Vanquished Creatures (collateral kills)
  A worm (D:2)
  A ball python (D:2)
2 creatures vanquished.

Vanquished Creatures (others)
  An orc (D:5)
1 creature vanquished.

Grand Total: 133 creatures vanquished

Notes
Turn   | Place    | Note
-------+----------+-------------------------------------------
     0 | D:1      | ders the Gargoyle Earth Elementalist began the quest for
                  | the Orb.
     0 | D:1      | Reached XP level 1. HP: 10/10 MP: 3/3
   241 | D:1      | Reached skill level 1 in Conjurations
   241 | D:1      | Reached XP level 2. HP: 15/15 MP: 3/5
   817 | D:2      | Found Xoegeizi's Magic Scroll Shoppe.
   817 | D:2      | Found Laul's Book Emporium.
   825 | D:2      | Reached skill level 2 in Conjurations
   825 | D:2      | Reached XP level 3. HP: 19/19 MP: 3/6
   829 | D:2      | Learned a level 3 spell: Stone Arrow
   855 | D:2      | Bought a scroll of teleportation for 39 gold pieces
  1106 | D:2      | Found Ylyryt's Magic Scroll Emporium.
  1110 | D:2      | Reached XP level 4. HP: 24/24 MP: 5/7
  1273 | D:2      | Found Ybrow's Weapon Shop.
  1294 | D:2      | Found Cajoenk's Antique Armour Shoppe.
  1564 | D:3      | Noticed Terence
  1565 | D:3      | Noticed Jessica
  1741 | D:3      | Killed Jessica
  1742 | D:3      | Reached skill level 3 in Conjurations
  1831 | D:3      | Reached XP level 5. HP: 17/28 MP: 1/9
  1914 | D:3      | Killed Terence
  1958 | D:3      | Noticed Ijyb
  1959 | D:3      | Found a hide-covered altar of Uskayaw.
  2006 | D:2      | Reached skill level 4 in Conjurations
  2314 | D:3      | Reached skill level 5 in Earth Magic
  2384 | D:3      | Found a faded altar of an unknown god.
  2402 | D:3      | Reached XP level 6. HP: 32/32 MP: 4/10
  2454 | D:3      | Noticed Natasha
  2459 | D:3      | Killed Natasha
  2802 | D:3      | Found a runed translucent door.
  2803 | D:3      | Noticed Crazy Yiuf
  2908 | D:3      | Noticed Natasha
  2913 | D:3      | Killed Natasha
  2971 | D:3      | Killed Crazy Yiuf
  3113 | D:4      | Noticed a black bear
  3119 | D:4      | Killed a black bear
  3120 | D:4      | Reached skill level 5 in Conjurations
  3517 | D:4      | Reached XP level 7. HP: 36/36 MP: 8/12
  3790 | D:5      | Entered Level 5 of the Dungeon
  4269 | D:5      | Reached skill level 6 in Conjurations
  4641 | D:5      | Identified a scroll of acquirement
  4641 | D:5      | Acquired the staff of conjuration "Wiefau" {rC+}
  4703 | D:5      | Reached XP level 8. HP: 41/41 MP: 10/14
  5032 | D:6      | Reached skill level 7 in Conjurations
  5644 | D:7      | Noticed Joseph
  5899 | D:7      | Reached skill level 5 in Spellcasting
  5899 | D:7      | Reached skill level 8 in Conjurations
  6325 | D:7      | Noticed Dowan
  6326 | D:7      | Noticed Duvessa
  6328 | D:7      | Killed Duvessa
  6330 | D:7      | Killed Dowan
  6331 | D:7      | Reached XP level 9. HP: 45/45 MP: 3/17
  6404 | D:7      | Noticed a hornet
  6411 | D:7      | Killed a hornet
  6507 | D:7      | Found a sparkling altar of Nemelex Xobeh.
  6532 | D:7      | Identified the +9 short sword "Quusm" {pain, rC+ Str+2
                  | Dex-5}
  6546 | D:7      | Shot with a sling bullet by Joseph

Illustrated notes

Levels and vault maps discovered:
D:1:      eino_arrival_water_cross, layout_loops_cross, feat_on_display
D:2:      layout_basic, serial_shops, nicolae_shop_advertising_works
          [nicolae_subvault_shop_adworks], nicolae_shop_bloodbath_and_beyond,
          shop_fountains, nicolae_square_shop,
          nicolae_shop_temple_entry_statues_fountains
D:3:      layout_basic, eat_drink_and_be_merry_uskayaw,
          chequers_ecumenical_altar_simple_redux, grunt_ministairs_1,
          uniq_natasha, uniq_ijyb, uniq_crazy_yiuf_cottage, uniq_terence,
          uniq_jessica
D:4:      layout_basic
D:5:      layout_basic
D:6:      layout_basic
D:7:      layout_loops_ring, nemelex_diamond_rough_becter,
          minmay_temple_entry_nine_rooms, uniq_duvessa, uniq_joseph

Skill      XL: |  1  2  3  4  5  6  7  8 |
---------------+-------------------------+-----
Conjurations   | 1 2 3 4 5 6 8 |  8.9
Earth Magic    | 4 5 6 7 |  7.8
Spellcasting   | 3 4 5 |  5.5
Dodging        | |  1.5
Stealth        | |  2.1
Transmutations | |  0.7

Action                     |  1- 3 |  4- 6 |  7- 9 || total
---------------------------+-------+-------+-------++-------
  Melee: Unarmed           |     1 |     3 |       ||     4
         Staff             |       |       |     4 ||     4
   Cast: Sandblast         |    39 |   104 |    49 ||   192
         Stone Arrow       |       |     1 |    56 ||    57
    Use: Scroll            |     5 |     8 |     3 ||    16
         Potion            |       |     3 |     2 ||     5
 Armour: Robe              |     1 |    25 |    23 ||    49
  Dodge: Dodged            |     5 |    38 |    33 ||    76

Table legend: (Time is in decaauts)
 A = Elapsed time spent in this place.
 B = Non-inter-level travel time spent in this place.
 C = Inter-level travel time spent in this place.
 D = Time resting spent in this place.
 E = Time spent auto-exploring this place.
 F = Levels seen in this place.
 G = Mean time per level.
                   A        B        C        D        E       F      G
               +--------+--------+--------+--------+--------+-----+--------+
         Total |   6611 |   6427 |    184 |   1400 |   4081 |   7 |  944.4 |
       Dungeon |   6611 |   6427 |    184 |   1400 |   4081 |   7 |  944.4 |
               +--------+--------+--------+--------+--------+-----+--------+

Top non-repeatable levels by time:
     D:3: 1351 daAuts
     D:4: 1090 daAuts
     D:2: 911 daAuts
     D:5: 902 daAuts
     D:1: 828 daAuts
     D:7: 818 daAuts
     D:6: 708 daAuts
